 Dungeon Crawl Stone Soup version 0.22-a0-351-g29664b4 (webtiles) character file.

253 vishdafish the Charmwright (level 5, 0/41 HPs)
             Began as a Demonspawn Skald on Apr 12, 2018.
             Succumbed to a scorpion's poison
             ... on level 3 of the Dungeon.
             The game lasted 00:03:34 (2847 turns).

vishdafish the Charmwright (Demonspawn Skald)       Turns: 2847, Time: 00:03:35

Health: 0/41       AC:  5    Str: 11    XL:     5   Next: 90%
Magic:  9/9        EV: 12    Int: 16    God:
Gold:   178        SH:  0    Dex: 12    Spells: 9/10 levels left

rFire    . . .     SeeInvis .   a - +0 spear
rCold    . . .     Gourm    .   (no shield)
rNeg     . . .     Faith    .   b - +0 leather armour
rPois    .         Spirit   +   (no helmet)
rElec    .         Reflect  .   (no cloak)
rCorr    .         Harm     .   (no gloves)
MR       .....                  (no boots)
Stlth    +.........             (no amulet)
HPRegen  0.13/turn              (no ring)
MPRegen  0.11/turn              (no ring)

@: lethally poisoned (0 -> -5)
A: icy blue scales 1, spiny 1, magic shield
a: no special abilities


You were on level 3 of the Dungeon.
You were very hungry.

You visited 1 branch of the dungeon, and saw 3 of its levels.

You collected 178 gold pieces.

Inventory:

Hand Weapons
 a - a +0 spear (weapon)
 k - a +0 hunting sling
Missiles
 e - 37 sling bullets
Armour
 b - a +0 leather armour (worn)
Scrolls
 c - a scroll of magic mapping {unknown}
 f - 3 scrolls of identify {unknown}
 g - a scroll of blinking {unknown}
 h - 2 scrolls of teleportation {unknown}
 i - 2 scrolls of remove curse {unknown}
 l - 2 scrolls of enchant armour {unknown}
Comestibles
 d - 5 rations


   Skills:
 + Level 3.2 Fighting
 + Level 2.9 Polearms
 - Level 1.2 Armour
 + Level 2.9 Dodging
 + Level 3.1 Spellcasting
 - Level 3.4 Charms


You had 9 spell levels left.
You knew the following spells:

 Your Spells              Type           Power        Failure   Level  Hunger
a - Infusion              Chrm           ##..         6%          1    None


Dungeon Overview and Level Annotations

Branches:
Dungeon (3/15)

Altars:


Innate Abilities, Weirdness & Mutations

You are partially covered in icy blue scales. (AC +2)
You are partially covered in sharp spines.
When hurt, damage is shared between your health and your magic reserves.


Message History

The goblin shouts!
The goblin shoots a stone.
The stone closely misses you.
You see here a stone.
* * * LOW HITPOINT WARNING * * *
You feel sick.
* * * LOW HITPOINT WARNING * * *
You feel sick.
* * * LOW HITPOINT WARNING * * *
You feel sick.
You open the gate.
Found a scroll labeled ORPHOP TASOEGI.
* * * LOW HITPOINT WARNING * * *
You feel sick.
There is an open gate here.
* * * LOW HITPOINT WARNING * * *
You feel sick. 2 goblins come into view.
The goblin shouts!
A jackal comes into view.
You die...

### ##≈≈. #≈≈≈ ##≈≈
#≈≈#########.h
##≈≈#..@?......
#..['.......g..
#...'........g.
#...'..........
#########(≈≈#..........
##.†.......≈≈#########..
...#########≈≈≈.. .
...####### #≈≈≈.g+
.......... ..≈≈..#


You could see a jackal (wandering) and 2 goblins.

Vanquished Creatures
  A scorpion (D:3)
  2 orc wizards (D:3)
  6 adders
  5 oozes
  A worm (D:3)
  4 dart slugs
  A leopard gecko (D:1)
  2 orcs (D:3)
  4 giant cockroaches (D:1)
  7 hobgoblins
  2 quokkas (D:2)
  6 bats
  4 frilled lizards
  8 goblins
  8 kobolds
  5 rats
66 creatures vanquished.

Notes
Turn   | Place    | Note
-------+----------+-------------------------------------------
     0 | D:1      | vishdafish the Demonspawn Skald began the quest for the Orb.
     0 | D:1      | Reached XP level 1. HP: 16/16 MP: 3/3
    46 | D:1      | Reached skill level 1 in Armour
   286 | D:1      | Gained mutation: When hurt, damage is shared between your health and your magic reserves. [demonic ancestry]
   286 | D:1      | Reached XP level 2. HP: 22/22 MP: 5/5
   745 | D:1      | Gained mutation: You are partially covered in icy blue scales. (AC +2) [demonic ancestry]
   745 | D:1      | Reached XP level 3. HP: 9/27 MP: 1/6
  1589 | D:2      | Gained mutation: You are partially covered in sharp spines. [demonic ancestry]
  1589 | D:2      | Reached XP level 4. HP: 27/34 MP: 0/7
  2569 | D:3      | Reached XP level 5. HP: 36/40 MP: 3/9
  2844 | D:3      | HP: 2/41 [poisoned by a scorpion]
  2847 | D:3      | Succumbed to a scorpion's poison

Vault maps used:
D:1:      onia_arrival_mini_spirals, minmay_pentomino_w4
D:2:      small_statue_intersection, minmay_crystal_water,
          minmay_small_reverse_x
D:3:      kennysheep_goblin_castle, nicolae_overflow_crystal_walls,
          marbit_many_paths, first_ration

Skill      XL: |  1  2  3  4  5 |
---------------+----------------+-----
Armour         | 1 |  1.2
Polearms       | 2 |  2.9
Dodging        | 2 |  2.9
Charms         | 3 |  3.4
Fighting       | 3 |  3.2
Spellcasting   | 3 |  3.1

Action                   |  1- 3 |  4- 6 || total
-------------------------+-------+-------++-------
Melee: Spear             |   176 |    97 ||   273
 Cast: Infusion          |     6 |     4 ||    10
  Use: Potion            |     3 |     3 ||     6
 Stab: Sleeping          |     1 |     1 ||     2
  Eat: Ration            |     1 |       ||     1
       Chunk             |       |     2 ||     2
Armor: Leather armour    |    37 |    16 ||    53
Dodge: Dodged            |    93 |    42 ||   135

Table legend:
 A = Spawn XP
 B = Non-spawn XP
 C = Spawn XP percentage of total XP
 D = Spawn monster count
 E = Non-spawn monster count
 F = Spawn count percentage of total count
 G = Total turns spent on level
                    A         B        C        D         E        F      G
               +---------+---------+-------+---------+---------+-------+---------
         Total |       0 |     362 |   0.0 |       0 |      66 |   0.0 |  2847
               +---------+---------+-------+---------+---------+-------+---------
           D:1 |       0 |      72 |   0.0 |       0 |      35 |   0.0 |  1529
           D:2 |       0 |     110 |   0.0 |       0 |      23 |   0.0 |  1010
           D:3 |       0 |     180 |   0.0 |       0 |       8 |   0.0 |   308
               +---------+---------+-------+---------+---------+-------+---------
